 Dungeon Crawl Stone Soup version 0.18.1-6-gd335043 (webtiles) character file.

146 Helmschank the Insei (level 5, 0/40 HPs)
             Began as a Draconian Transmuter on May 16, 2016.
             Slain by a giant frog (8 damage)
             ... on level 2 of the Dungeon.
             The game lasted 00:14:55 (2706 turns).

Helmschank the Insei (Draconian Transmuter)         Turns: 2706, Time: 00:14:55

Health: 0/40       AC:  2    Str: 12    XL:     5   Next: 7%
Magic:  3/8        EV: 19    Int: 14    God:
Gold:   102        SH:  0    Dex: 17    Spells: 3 memorised, 2 levels left

rFire  . . .     SeeInvis .       - Unarmed
rCold  . . .     Gourm    .     (armour unavailable)
rNeg   . . .     Faith    .     (shield currently unavailable)
rPois  x         Spirit   .     (helmet currently unavailable)
rElec  .         Dismiss  .     (cloak currently unavailable)
rCorr  .         Reflect  .     (gloves currently unavailable)
SustAt .         Harm     .     (boots currently unavailable)
MR     .....                    (no amulet)
Stlth  ++........               (no ring)
                                (no ring)

@: spider-form (expiring), very slightly contaminated, not resistant to hostile
enchantments, unstealthy
A: unfitting armour, (cold-blooded), AC +5
a: End Transformation


You were on level 2 of the Dungeon.
You were very hungry.
You were a venomous arachnid creature.
You visited 1 branch of the dungeon, and saw 3 of its levels.

You collected 102 gold pieces.

Inventory:

Missiles
 a - 71 arrows
 d - 104 stones (quivered)
Armour
 s - a +1 pair of boots (melded)
 t - a +0 buckler (melded)
Jewellery
 j - an uncursed ring of positive energy {unknown}
 n - an uncursed ring of protection from fire {unknown}
 p - an uncursed ring of magical power {unknown}
 r - a cursed ring of teleportation {unknown}
Scrolls
 e - 4 scrolls of remove curse {unknown}
 h - a scroll of fear {unknown}
 i - a scroll of teleportation {unknown}
 m - 3 scrolls of identify {unknown}
Potions
 g - a potion of degeneration {unknown}
 l - a potion of resistance {unknown}
 q - a potion of cancellation {unknown}
 u - a potion of curing {unknown}
Books
 b - a book of Changes

   Spells                             Type                      Level
   a - Beastly Appendage              Transmutation                1
   b - Sticks to Snakes               Transmutation                2
   c - Spider Form                    Transmutation/Poison         3
   d - Ice Form                       Ice/Transmutation            4
   e - Blade Hands                    Transmutation                5
Miscellaneous
 k - a plain deck of summoning
Comestibles
 c - 2 bread rations
 f - 6 fruits


   Skills:
 - Level 1.1 Fighting
 - Level 1.7 Dodging
 + Level 0.6 Shields
 * Level 4.8 Unarmed Combat
 - Level 2.0 Spellcasting
 + Level 3.1 Transmutations
 - Level 1.5 Poison Magic


You had 2 spell levels left.
You knew the following spells:

 Your Spells              Type           Power        Failure   Level  Hunger
a - Spider Form           Trmt/Pois      #.........   52%         3    ####...
q - Sticks to Snakes      Trmt           ##......     28%         2    ###....
z - Beastly Appendage     Trmt           ##....       24%         1    ##.....


Dungeon Overview and Level Annotations

Branches:
Dungeon (3/15)

Altars:
Nemelex Xobeh
Okawaru
Trog


Innate Abilities, Weirdness & Mutations

((Your plain brown scales are hard (AC +5).))
Your body does not fit into most forms of armour.
((You are cold-blooded and may be slowed by cold attacks.))


Message History

* * * LOW HITPOINT WARNING * * *
You take 5 damage, and have 10/40 hp.
Casting: Spider Form
Confirm with . or Enter, or press ? or * to list all spells.
You turn into a venomous arachnid creature.
Your +1 pair of boots melds into your body.
Your +0 buckler melds into your body.
You are feeling very hungry.
The giant frog misses you.
You now have 2/8 mp.
You hit the giant frog.
The giant frog is poisoned.
The giant frog is moderately wounded.
The giant frog completely misses you. The giant frog hits you.
* * * LOW HITPOINT WARNING * * *
You take 3 damage, and have 7/40 hp.
The giant frog completely misses you. The giant frog barely misses you.
Your transformation is almost over.
The giant frog hits you!
You die...

..##.##..#...##........#
####........###>.......#
.......#<..## #.########
.####......# #.##
..####.#...# #..#
#.##...#...# ##.#
#.##>###...# #.# #.##.#
##..# #F# #....# #..# #s#
###..# #..# #.### .....#
#..# #...#
...######..#####...##
...##....<......._..#
....................#######
...##.....................#
#####....)..........####..#
#....................##


You could see a giant frog.

Vanquished Creatures
  A jelly (D:2)
  3 gnolls
  3 adders (D:2)
  A worm (D:3)
  A dart slug (D:2)
  A giant gecko (D:1)
  2 orcs (D:2)
  2 giant cockroaches (D:2)
  9 goblins
  5 hobgoblins
  7 jackals
  5 bats
  2 giant newts (D:1)
  5 kobolds
  7 rats
54 creatures vanquished.

Notes
Turn   | Place    | Note
--------------------------------------------------------------
     0 | D:1      | Helmschank the Draconian Transmuter began the quest for the Orb.
     0 | D:1      | Reached XP level 1. HP: 16/16 MP: 3/3
   215 | D:1      | Reached XP level 2. HP: 9/23 MP: 3/5
   473 | D:1      | Found a sparkling altar of Nemelex Xobeh.
   796 | D:1      | Reached skill level 4 in Unarmed Combat
   807 | D:1      | Reached XP level 3. HP: 28/28 MP: 4/6
   893 | D:1      | Learned a level 2 spell: Sticks to Snakes
   897 | D:1      | Learned a level 3 spell: Spider Form
  1295 | D:2      | Found a bloodstained altar of Trog.
  1441 | D:2      | Reached skill level 1 in Poison Magic
  1754 | D:2      | Reached XP level 4. HP: 35/35 MP: 3/7
  1774 | D:2      | Found an iron altar of Okawaru.
  2244 | D:2      | Reached XP level 5. HP: 11/40 MP: 6/8
  2706 | D:2      | Slain by a giant frog

Skill      XL: |  1  2  3  4 |
---------------+-------------+-----
Unarmed Combat | 4 |  4.8
Poison Magic   | 1 |  1.5
Transmutations | 3 |  3.1
Fighting       | |  1.1
Dodging        | |  1.7
Shields        | |  0.6
Spellcasting   | |  2.0

Action                   |  1- 3 |  4- 6 || total
-------------------------+-------+-------++-------
Melee: Unarmed           |   121 |    57 ||   178
       Headbutt          |     6 |     2 ||     8
       Tailslap          |     8 |     3 ||    11
       Kick              |     3 |       ||     3
Throw: Stone             |    50 |    15 ||    65
 Cast: Beastly Appendage |    23 |     5 ||    28
       Spider Form       |     1 |     2 ||     3
 Stab: Sleeping          |       |     1 ||     1
  Eat: Chunk             |     3 |     3 ||     6
Armor: Skin              |    35 |    19 ||    54
Dodge: Dodged            |    70 |    53 ||   123
Block: Buckler           |       |     3 ||     3
